 Dungeon Crawl Stone Soup version 0.24.0-1-gfbc8707122 (webtiles) character file.

Game seed: 12088630459715732864, levelgen mode: deterministic

2032195 bildradio the Slayer (level 27, 270/270 HPs)
             Began as a Minotaur Berserker on Oct 24, 2019.
             Was a Priest of Trog.
             Escaped with the Orb
             ... and 4 runes on Oct 28, 2019!
             The game lasted 09:49:29 (97653 turns).

bildradio the Slayer (Minotaur Berserker)          Turns: 97653, Time: 09:49:29

Health: 270/270    AC: 42    Str: 28    XL:     27
Magic:  34/34      EV: 28    Int:  7    God:    Trog [***...]
Gold:   2183       SH: 21    Dex: 14    Spells: 26/26 levels left

rFire    + + +     SeeInvis +   Z - +18 lance "Wyrmbane" {slay drac, rPois rF+ rC+ AC+3}
rCold    + + .     Gourm    .   j - +0 shield of Hangman {rN+}
rNeg     + + +     Faith    .   B - +3 gold dragon scales
rPois    +         Spirit   +   R - +2 hat of the Bear Spirit {Spirit, +Rage rN+ MR++}
rElec    +         Reflect  .   V - scarf {repulsion}
rCorr    .         Harm     +   y - +2 pair of gloves {archery}
MR       ++++.     Rnd*Rage +   g - +2 pair of boots of Lies {Slay+5}
Stlth    ..........             z - amulet of Xucreobe {Harm *Drain +Blink rElec rPois Dex-4}
HPRegen  0.55/turn              n - ring of Phasing {EV+8}
MPRegen  0.24/turn              v - ring of positive energy

@: very slightly contaminated, repel missiles
A: retaliatory headbutt, horns 2, large bone plates 1, see invisible, berserk 1,
clever 1, fire resistance 1, strong 1, MP-powered wands
0: Orb of Zot
}: 4/15 runes: decaying, serpentine, slimy, silver
a: Berserk, Trog's Hand, Renounce Religion, Evoke Blink, Evoke Berserk Rage


You escaped.
You worshipped Trog.
Trog was most pleased with you.
You were not hungry.

You visited 16 branches of the dungeon, and saw 62 of its levels.
You visited 1 ziggurat, and saw 10 of its levels.
You also visited: Gauntlet.

You collected 9824 gold pieces.
You spent 7641 gold pieces at shops.

Inventory:

Hand Weapons
 Y - a +9 antimagic demon whip
 Z - the +18 lance "Wyrmbane" (weapon) {slay drac, rPois rF+ rC+ AC+3}
   (You took it off a deep elf death mage on level 3 of the Elven Halls)

   It affects your AC (+3).
   It protects you from fire.
   It protects you from cold.
   It protects you from poison.
Missiles
 o - 5 silver javelins (quivered)
 Q - a throwing net
Armour
 g - the +2 pair of boots of Lies (worn) {Slay+5}
   (You found it in a Gauntlet)

   It affects your accuracy and damage with ranged weapons and melee attacks
   (+5).
 j - the +0 shield of Hangman (worn) {rN+}
   (You bought it in a shop on level 14 of the Dungeon)

   It protects you from negative energy.
 y - a +2 pair of gloves of archery (worn)
 B - +3 gold dragon scales (worn)
 R - the +2 hat of the Bear Spirit (worn) {Spirit, +Rage rN+ MR++}
   (You bought it in a shop on level 14 of the Dungeon)

   It protects you from negative energy.
   It affects your resistance to hostile enchantments.
   It lets you go berserk.
 V - a scarf of repulsion (worn)
Jewellery
 d - an uncursed ring of resist corrosion
 n - the ring of Phasing (left hand) {EV+8}
   (You found it on level 3 of the Elven Halls)

   [ring of evasion]

   It affects your evasion (+8).
 p - the ring "Cosab" {*Slow rElec rPois rF+++ Str+4}
   (You found it on level 4 of a ziggurat)

   [ring of poison resistance]

   It affects your strength (+4).
   It renders you almost immune to fire.
   It insulates you from electricity.
   It protects you from poison.
   It may slow you when you take damage.
 s - a +4 ring of intelligence
 v - a ring of positive energy (right hand)
 w - an uncursed amulet of guardian spirit
 z - the amulet of Xucreobe (around neck) {Harm *Drain +Blink rElec rPois Dex-4}
   (You found it on level 1 of the Swamp)

   [amulet of harm]

   It increases damage dealt and taken.
   It affects your dexterity (-4).
   It insulates you from electricity.
   It protects you from poison.
   It lets you blink.
   It causes draining when unequipped.
 J - the ring of Balance {rPois Str+2 SInv}
   (You took it off a deep elf sorcerer on level 3 of the Elven Halls)

   [ring of see invisible]

   It affects your strength (+2).
   It protects you from poison.
   It lets you see invisible.
Wands
 f - a wand of acid (54)
 h - a wand of iceblast (6)
 t - a wand of disintegration (37)
 G - a wand of digging (2)
Scrolls
 b - 24 scrolls of teleportation
 i - 3 scrolls of holy word
 l - 19 scrolls of remove curse
 r - 24 scrolls of identify
 A - 2 scrolls of summoning
 E - 7 scrolls of fog
 H - 6 scrolls of blinking
 K - 4 scrolls of silence
Potions
 k - 4 potions of resistance
 m - 2 potions of heal wounds
 q - 25 potions of curing
 u - 3 potions of agility
 x - 3 potions of flight
 F - 5 potions of mutation
 O - 2 potions of might
 S - 5 potions of cancellation
 U - 3 potions of brilliance
Miscellaneous
 a - 2 boxes of beasts
 e - a fan of gales (inert)
 C - a fan of gales (inert)
 D - a fan of gales (inert)
 L - a fan of gales (inert)
 N - 3 phantom mirrors
 T - a phial of floods
 W - the horn of Geryon
 X - a lightning rod (4/4)
Comestibles
 c - 61 rations


   Skills:
 - Level 26.4 Fighting
 - Level 17.0 Maces & Flails
 - Level 20.4 Polearms
 - Level 10.8 Throwing
 - Level 25.6 Armour
 - Level 24.4 Dodging
 * Level 10.2 Stealth
 - Level 21.3 Shields
 - Level 16.1 Evocations


You had 26 spell levels left.
You didn't know any spells.
Your spell library was empty.

Dungeon Overview and Level Annotations

Branches:
Dungeon (15/15)            Temple (1/1) D:7            Lair (6/6) D:8
  Swamp (4/4) Lair:2        Snake (4/4) Lair:2        Slime (5/5) Lair:5
    Orc (2/2) D:9             Elf (3/3) Orc:2        Vaults (5/5) D:13
  Crypt (3/3) Vaults:2       Tomb (1/3) Crypt:3      Depths (5/5) D:15
   Hell (visited)             Dis (1/7) Hell            Geh (1/7) Hell
    Coc (0/7) Hell            Tar (0/7) Hell            Zot (5/5) Depths:5
Gauntlet (visited)

Altars:
Ashenzari
Cheibriados
Dithmenos
Elyvilon
Fedhas
Gozag
Hepliaklqana
Kikubaaqudgha
Makhleb
Nemelex Xobeh
Okawaru
Qazlal
Ru
Sif Muna
Trog
Uskayaw
Vehumet
Wu Jian
Xom
Yredelemnul
Zin
The Shining One
Beogh
Jiyva

Shops:
D:12 %[   D:14 [   Orc:2 }(*(   Snake:2 ?[*   Vaults:2 ?   Depths:1 !(!
Depths:2 [   Depths:4 }=}?

Portals:
Hell: Depths:1 Depths:2 Depths:3 Depths:4 Depths:5
Abyss: Depths:4
Pandemonium: Depths:3 Depths:5

Annotations:
D:4 2 exclusions


Innate Abilities, Weirdness & Mutations

You reflexively headbutt those who attack you in melee.
You have a pair of horns on your head.
You are partially covered in large bone plates. (SH +4)
You have supernaturally acute eyesight. (SInv)
You tend to lose your temper in combat.
Your mind is acute. (Int +2)
Your flesh is heat resistant. (rF+)
Your muscles are strong. (Str +2)
You expend magic power (3 MP) to strengthen your wands.


Message History

You feel yourself slow down.
You flicker for a moment.
A lich comes into view.
An orange demon and a pandemonium lord come into view.
Demuitum bellows, "Leave, thou loggerheaded ill-nurtured nightsoil!"
The orange demon screeches!
Demuitum conjures an orb of pure magic.
The lich casts a spell at you.
You feel haunted.
An orb of destruction comes into view.
The orange demon screeches!
You block the shadow wraith's attack.
There is a staircase leading out of the dungeon here.
You flicker back into view.
The orange demon screeches!
The orb of destruction hits the plant!!!!
The plant is blown up!
The shadow wraith completely misses you.
The orange demon stings you but does no damage.
You block the shadow wraith's attack.
You have escaped!

♣.PP.P♣ #.#
♣.♣♣♣.♣♣ #####.#
♣.♣PP..♣♣ #.....#
♣.♣♣○...♣♣♣#.#####
♣.♣.&L....♣#.#
♣.♣....P♣.♣#.#####
♣.4..♣P♣♣.♣#......
♣.W.♣♣♣♣♣.♣#.#####
♣@W........'.#
♣♣♣♣♣♣♣♣♣♣♣###


You could see Demuitum, a lich, 2 shadow wraiths and an orange demon.

Vanquished Creatures
  the Royal Jelly (Slime:5)
  7 ancient liches
  4 orbs of fire
  Mennas (Crypt:1)
  2 juggernauts
  Mara (Swamp:3)
  Sojobo (Vaults:5)
  2 greater mummies
  Vashnia (Snake:4)
  9 Killer Klowns
  Saint Roka (Vaults:1)
  A curse toe (Zot:5)
  A caustic shrike (Depths:4)
  Geryon (Hell)
  15 golden dragons
  the Enchantress (Depths:5)
  2 bone dragons
  3 electric golems
  7 liches
  An Ice Fiend (D:10)
  29 tentacled monstrosities
  2 deep elf blademasters (Elf:3)
  Jorgrun (D:14)
  6 titans
  22 Orb Guardians (Zot:5)
  A deep elf master archer (Elf:3)
  27 acid blobs
  12 quicksilver dragons
  Gastronok (Lair:3)
  6 death cobs
  2 thorn hunters
  4 ancient champions
  Kirke (Lair:4)
  9 sphinxes
  Agnes (Snake:2)
  8 nagarajas
  17 storm dragons
  6 draconian monks
  6 shadow dragons
  Donald (Swamp:3)
  20 azure jellies
  12 tengu reavers
  7 fire giants
  2 revenants
  8 draconian scorchers
  9 frost giants
  An orc warlord (Orc:1)
  A ghost moth (Zot:3)
  8 deep elf sorcerers
  13 vault wardens
  Aizul (Snake:2)
  2 balrugs
  2 iron dragons
  2 deep elf elementalists (Elf:3)
  A curse skull (Zig:10)
  5 ghouls
  3 draconian stormcallers
  6 draconian knights
  2 draconian shifters
  6 spriggan defenders
  14 reapers
  5 war gargoyles
  15 ironheart preservers
  5 very ugly things
  32 stone giants
  4 entropy weavers
  4 draconian annihilators
  A caustic shrike skeleton (Crypt:1)
  5 vampire knights
  4 deep elf demonologists
  2 dire elephants (Lair:6)
  13 green draconians
  10 black draconians
  7 purple draconians
  13 red draconians
  13 white draconians
  6 yellow draconians
  Azrael (D:12)
  A minotaur (Gauntlet)
  A dire elephant (shapeshifter) (Vaults:2)
  A spark wasp (Depths:4)
  A spark wasp (shapeshifter) (Vaults:3)
  8 deep elf annihilators
  3 blizzard demons
  11 deep elf death magi
  3 crystal guardians (Crypt:3)
  8 eidola
  6 mummy priests
  16 death oozes
  13 ettins
  A merfolk impaler (Depths:4)
  12 deep elf high priests
  8 fire dragons
  A green death (Depths:1)
  A quicksilver dragon zombie (Crypt:3)
  78 slime creatures
  25 hydras
  18 yaktaur captains
  10 great orbs of eyes
  19 ice dragons
  6 rakshasas
  13 anacondas
  14 naga warriors
  Fannar (Lair:3)
  28 vault guards
  3 spriggan air magi
  2 shambling mangroves
  A ghost crab (Swamp:4)
  4 centaur warriors
  A death knight (Crypt:2)
  2 catoblepae
  24 alligators
  A queen ant (Zot:5)
  A two-headed ogre (shapeshifter) (Vaults:5)
  48 two-headed ogres
  13 ogre magi
  38 dancing weapons
  7 deep troll shamans
  5 tengu warriors
  7 deep troll earth magi
  4 vampire magi
  A death yak (shapeshifter) (Depths:1)
  A spriggan berserker (Depths:4)
  7 hell hogs
  7 shock serpents
  24 deep elf knights
  8 orc high priests
  A storm dragon zombie (Geh:1)
  The ghost of Mrkan the Grappler, a novice TrMo of Makhleb (D:9)
  Nergalle (Lair:3)
  17 naga sharpshooters
  7 spriggans
  6 sun demons
  8 soul eaters
  Urug (Lair:4)
  2 fire crabs (Swamp:4)
  3 iron trolls
  2 large abominations (Gauntlet)
  A titan skeleton (Hell)
  A sea snake (Snake:2)
  4 salamander mystics
  2 anaconda zombies (Hell)
  5 shadow wraiths
  3 spriggan druids
  53 skeletal warriors
  A ghost moth zombie (Crypt:2)
  24 hell knights
  3 golden dragon zombies
  10 swamp dragons
  2 shadow demons
  An unseen horror (D:14)
  2 glowing orange brains
  5 flayed ghosts
  A kraken simulacrum (Hell)
  23 deep trolls
  8 ironbrand convokers
  A swamp dragon (shapeshifter) (Zig:4)
  22 deep elf archers
  4 lindwurms
  2 golden dragon skeletons
  10 naga ritualists
  5 tengu zombies
  18 necromancers
  2 harpies (shapeshifter)
  13 phantasmal warriors
  A wolf spider zombie (D:15)
  A wizard (Vaults:3)
  An orange crystal statue (Depths:1)
  33 ugly things
  12 harpies
  A mana viper (shapeshifter) (Zig:4)
  3 wolf spiders
  12 orc knights
  73 deep elf magi
  10 cyclopes
  8 oklob plants
  3 orc sorcerers
  28 moths of wrath
  3 fire giant zombies (Hell)
  11 mana vipers
  3 shining eyes
  A frost giant zombie (Zig:6)
  12 salamanders
  An iron dragon zombie (Crypt:3)
  3 manticores
  2 frost giant skeletons
  2 fire giant skeletons
  14 guardian serpents
  A stone giant skeleton (Zig:9)
  55 black mambas
  An iron dragon skeleton (Geh:1)
  A black mamba (shapeshifter) (Vaults:1)
  10 naga magi
  3 ice statues
  16 vault sentinels
  A smoke demon (Depths:5)
  An apocalypse crab (Zig:4)
  An eye of devastation (Slime:5)
  A molten gargoyle (Swamp:4)
  26 spiny frogs
  2 gargoyles
  A torpor snail (Lair:3)
  2 rust devils
  An alligator snapping turtle zombie (Crypt:2)
  An efreet (D:2)
  2 kobold demonologists
  3 yaktaur zombies
  An elephant slug zombie (Crypt:1)
  2 hellions
  83 yaktaurs
  12 rime drakes
  10 guardian mummies
  4 ice devils
  5 komodo dragons
  6 freezing wraiths
  A tormentor (Geh:1)
  2 tengu conjurers
  A queen ant zombie (Crypt:2)
  A hydra zombie (Hell)
  2 merfolk (shapeshifter)
  8 red devils
  A catoblepas skeleton (Crypt:2)
  A yaktaur skeleton (Vaults:2)
  A troll (shapeshifter) (Vaults:1)
  A purple draconian skeleton (Crypt:1)
  4 jumping spiders
  11 trolls
  2 meliai (shapeshifter)
  A polar bear (shapeshifter) (Vaults:4)
  2 wind drakes (shapeshifter)
  11 tyrant leeches
  Prince Ribbit (D:8)
  A queen bee (shapeshifter) (Elf:3)
  7 meliai (D:13)
  2 hydra skeletons
  14 hornets
  A fire dragon zombie (Crypt:3)
  A polar bear (Lair:5)
  2 blink frogs (shapeshifter)
  2 hippogriffs (shapeshifter)
  11 bog bodies
  14 blink frogs
  9 dream sheep
  2 slime creatures (shapeshifter) (Depths:4)
  An ettin zombie (Geh:1)
  A spriggan zombie (Hell)
  9 hippogriffs
  A centaur simulacrum (D:15)
  A snapping turtle (shapeshifter) (Vaults:4)
  An alligator zombie (Crypt:2)
  A spriggan skeleton (Zig:9)
  An ettin skeleton (Crypt:3)
  39 flying skulls
  2 air elementals (Elf:1)
  4 redbacks
  4 fire dragon skeletons
  A redback (shapeshifter) (Vaults:4)
  A spriggan (shapeshifter) (Elf:2)
  2 alligator skeletons
  49 yaks
  4 shadows
  A human (shapeshifter) (Vaults:2)
  An orc simulacrum (Vaults:2)
  8 wraiths
  A hog (shapeshifter) (Zig:8)
  6 ushabtiu
  5 water elementals
  12 fire elementals
  3 golden eyes (Slime:3)
  A basilisk (shapeshifter) (Elf:1)
  3 basilisks
  7 wyverns (Lair:6)
  4 hogs (Lair:4)
  3 chaos spawn
  4 hungry ghosts
  A neqoxec (Gauntlet)
  A yaktaur simulacrum (Vaults:3)
  14 steam dragons
  31 vampire mosquitoes
  An insubstantial wisp (Swamp:1)
  8 wargs
  2 deep troll zombies
  45 nagas
  An infernal demonspawn zombie (Crypt:1)
  A spiny frog zombie (Crypt:3)
  4 acid dragons
  A floating eye (shapeshifter) (Vaults:4)
  2 soldier ants
  13 swamp worms
  4 floating eyes
  27 water moccasins
  A porcupine (Lair:5)
  13 hell hounds
  17 swamp drakes
  5 sky beasts
  5 small abominations (Gauntlet)
  A spiny frog skeleton (Hell)
  2 snapping turtle zombies
  An elf zombie (Vaults:3)
  5 ice beasts
  61 orc warriors
  An eye of draining (shapeshifter) (Depths:5)
  3 phantoms
  A swamp dragon zombie (Crypt:3)
  A black bear (D:8)
  An eye of draining (Slime:4)
  6 necrophages
  9 boggarts
  An ettin simulacrum (Vaults:4)
  A lindwurm zombie (Crypt:2)
  A snapping turtle skeleton (Crypt:2)
  A tengu (shapeshifter) (Vaults:4)
  9 wolves
  35 ogres
  14 centaurs
  21 crocodiles
  A manticore skeleton (Crypt:1)
  6 big kobolds
  A gnoll sergeant (D:11)
  3 earth elementals
  16 bullfrogs
  A spiny frog simulacrum (Hell)
  2 glowing shapeshifter simulacra
  5 scorpions
  A warg zombie (Crypt:2)
  A water moccasin skeleton (D:6)
  4 human simulacra
  19 killer bees
  16 wights
  5 electric eels
  12 howler monkeys
  8 crimson imps
  3 bullfrog zombies
  A quasit (D:8)
  2 wolf skeletons
  3 human zombies
  3 jellies
  A gnoll shaman (D:7)
  31 orc priests
  8 centaur skeletons
  7 hounds
  4 bullfrog skeletons
  4 iguanas
  3 iron imps (Zig:5)
  Terence (D:2)
  A basilisk skeleton (Crypt:1)
  30 orc wizards
  4 hell rats (Lair:1)
  6 worker ants
  A hound skeleton (D:8)
  An ogre skeleton (Crypt:3)
  20 mummies
  A howler monkey zombie (D:3)
  3 worker ant zombies (D:10)
  19 gnolls
  13 adders
  4 river rats (Lair:1)
  2 shadow imps
  3 white imps
  An ufetubus (Depths:3)
  An ooze (D:2)
  4 adder zombies
  3 worms
  5 dart slugs
  3 leopard geckos
  98 orcs
  8 bats
  7 giant cockroaches
  8 goblins
  8 hobgoblins
  5 jackals (D:4)
  8 quokkas
  A ball python skeleton (D:4)
  A dart slug zombie (Crypt:2)
  8 frilled lizards
  A frilled lizard zombie (Crypt:1)
  A goblin skeleton (Crypt:1)
  2 jackal skeletons
  A jackal zombie (D:5)
  15 kobolds
  A quokka zombie (D:5)
  10 rats
  A river rat zombie (Crypt:1)
  A bush (Lair:5)
  4 crawling corpses (Elf:3)
  A fire vortex (Swamp:4)
  18 plants
2945 creatures vanquished.

Vanquished Creatures (collateral kills)
  A lich (Zot:4)
  2 acid blobs (Slime:5)
  A sphinx (Vaults:4)
  A spriggan defender (Depths:4)
  A reaper (Hell)
  An ettin (Vaults:5)
  A death ooze (Slime:5)
  A great orb of eyes (Slime:3)
  4 vault guards (Vaults:5)
  A naga sharpshooter (Snake:4)
  A small abomination (Vaults:5)
  A mana viper (Snake:1)
  A fire giant zombie (Hell)
  A shining eye (Slime:3)
  2 black mambas (Snake:4)
  A molten gargoyle (Hell)
  A guardian mummy (Crypt:1)
  An ice dragon zombie (Hell)
  3 slime creatures (Slime:3)
  A spriggan zombie (Hell)
  2 ushabtiu (Tomb:1)
  3 fire elementals (Hell)
  4 nagas
  An eye of draining (Slime:3)
  4 mummies (Crypt:1)
  A hobgoblin (shapeshifter) (Vaults:5)
42 creatures vanquished.

Vanquished Creatures (others)
  A tengu reaver (Vaults:5)
  A ghost moth (Zot:3)
  A yaktaur captain (Depths:3)
  A hydra (Swamp:4)
  A hell hog (Geh:1)
  A wizard (Vaults:2)
  A swamp dragon (Swamp:4)
  2 deep elf magi
  A moth of wrath (Zot:4)
  A black mamba (Snake:4)
  2 naga magi
  A water elemental (Depths:3)
  A human (Lair:4)
  A wraith (Geh:1)
  A steam dragon (Swamp:4)
  A swamp worm (Swamp:4)
  A warg (D:15)
  3 swamp drakes (Swamp:4)
  2 ogres
  2 gnolls (D:11)
  A white imp (Depths:1)
  An orc (D:15)
  2 briar patches (Swamp:2)
  17 fungi
  44 plants
  4 tentacles (Hell)
  4 toadstools (Swamp:2)
99 creatures vanquished.

Grand Total: 3086 creatures vanquished

Notes
Turn   | Place    | Note
-------+----------+-------------------------------------------
     0 | D:1      | bildradio the Minotaur Berserker began the quest for the
                  | Orb.
     0 | D:1      | Reached XP level 1. HP: 19/19 MP: 0/0
    86 | D:1      | Reached XP level 2. HP: 19/26 MP: 1/1
   722 | D:1      | Reached skill level 5 in Maces & Flails
   875 | D:1      | Reached XP level 3. HP: 31/31 MP: 2/2
  1275 | D:1      | Reached ** piety under Trog
  1662 | D:2      | Reached XP level 4. HP: 39/39 MP: 3/3
  1923 | D:2      | Noticed Terence
  1930 | D:2      | Killed Terence
  1930 | D:2      | Reached XP level 5. HP: 45/45 MP: 4/4
  2540 | D:3      | Found a stormy altar of Qazlal.
  2676 | D:3      | Reached *** piety under Trog
  2684 | D:3      | Found a hazy altar of Hepliaklqana.
  2684 | D:3      | Found an iron altar of Okawaru.
  3004 | D:4      | Reached XP level 6. HP: 47/51 MP: 5/5
  3499 | D:4      | Found a glowing drain.
  3849 | D:4      | Found a burning altar of Makhleb.
  3849 | D:4      | Noticed a cacodemon
  3889 | D:4      | Found a snail-covered altar of Cheibriados.
  3890 | D:4      | Found a shimmering altar of Xom.
  4094 | D:5      | Entered Level 5 of the Dungeon
  4103 | D:5      | Reached XP level 7. HP: 53/57 MP: 6/6
  4109 | D:5      | Reached skill level 10 in Maces & Flails
  4373 | D:5      | Received a gift from Trog
  4495 | D:5      | Reached skill level 4 in Fighting
  5219 | D:6      | Noticed a hippogriff
  5232 | D:6      | Killed a hippogriff
  5232 | D:6      | Reached XP level 8. HP: 53/67 MP: 7/7
  5427 | D:6      | Reached skill level 5 in Fighting
  5660 | D:7      | Reached **** piety under Trog
  5660 | D:7      | Reached skill level 5 in Armour
  5981 | D:7      | Reached skill level 6 in Fighting
  5981 | D:7      | Reached XP level 9. HP: 63/75 MP: 8/8
  6165 | D:7      | Reached skill level 5 in Dodging
  6178 | D:7      | Found a shimmering altar of Xom.
  6180 | D:7      | Found a shimmering altar of Xom.
  6180 | D:7      | Found a shimmering altar of Xom.
  6180 | D:7      | Found a shimmering altar of Xom.
  6190 | D:7      | Paralysed by fainting for 8 turns
  6355 | D:7      | Found a shimmering altar of Xom.
  6355 | D:7      | Found a shimmering altar of Xom.
  6357 | D:7      | Found a shimmering altar of Xom.
  6867 | D:7      | Found a staircase to the Ecumenical Temple.
  6875 | Temple   | Entered the Ecumenical Temple
  7373 | D:8      | Noticed Prince Ribbit
  7385 | D:8      | Killed Prince Ribbit
  7385 | D:8      | Reached skill level 7 in Fighting
  7734 | D:8      | Found a staircase to the Lair.
  7831 | D:8      | Noticed a two-headed ogre
  7841 | D:8      | Killed a two-headed ogre
  7841 | D:8      | Reached XP level 10. HP: 85/85 MP: 9/9
  8250 | D:8      | Reached skill level 8 in Fighting
  8606 | D:9      | Reached ***** piety under Trog
  8864 | D:9      | Found a staircase to the Orcish Mines.
  8873 | D:9      | Noticed a two-headed ogre
  8897 | D:9      | Killed a two-headed ogre
  9377 | D:9      | Reached skill level 9 in Fighting
  9559 | D:9      | Found a transporter.
  9561 | D:9      | Noticed a cyclops
  9562 | D:9      | Noticed a moth of wrath
  9565 | D:9      | Found a bloodstained altar of Trog.
  9574 | D:9      | Found a transporter.
  9580 | D:9      | Noticed a two-headed ogre
  9615 | D:9      | Noticed Mrkan's ghost (novice TrMo)
 10002 | D:9      | Killed a moth of wrath
 10002 | D:9      | Reached XP level 11. HP: 81/97 MP: 10/10
 10008 | D:9      | Received a gift from Trog
 10018 | D:9      | Killed Mrkan's ghost
 10030 | D:9      | Killed a two-headed ogre
 10463 | D:10     | Entered Level 10 of the Dungeon
 10463 | D:10     | Noticed a centaur warrior
 10471 | D:10     | Killed a centaur warrior
 10471 | D:10     | Reached skill level 10 in Fighting
 10988 | D:10     | Reached skill level 10 in Armour
 11477 | D:10     | Noticed a three-headed hydra
 11483 | D:10     | Killed a three-headed hydra
 11483 | D:10     | Reached skill level 11 in Fighting
 11742 | D:11     | Reached skill level 10 in Dodging
 11871 | D:11     | Reached XP level 12. HP: 110/110 MP: 3/11
 12328 | D:11     | Upgraded the game from 0.24-b1-44-g37ad8b309f to 0.24.0
 12526 | D:11     | Found a radiant altar of Vehumet.
 12655 | D:11     | Received a gift from Trog
 12959 | D:12     | Got a glittering lapis lazuli ring
 12960 | D:12     | Identified the ring "Gonujoke" {Str+2 Dex+3} (You found it
                  | on level 12 of the Dungeon)
 13039 | D:12     | Reached skill level 12 in Fighting
 13214 | D:12     | Found Giunwuxu's Specialty Armours.
 13469 | D:12     | Found Ecseocs's Food Shop.
 13474 | D:12     | Noticed Azrael
 13479 | D:12     | Received a gift from Trog
 13480 | D:12     | Got a brightly glowing lajatang {god gift}
 13488 | D:12     | Killed Azrael
 13762 | D:13     | Noticed a catoblepas
 13766 | D:13     | Found an ornate altar of the Wu Jian Council.
 13781 | D:13     | Killed a catoblepas
 14013 | D:13     | Noticed a tengu warrior
 14019 | D:13     | Noticed a tengu warrior
 14028 | D:13     | Killed a tengu warrior
 14036 | D:13     | Killed a tengu warrior
 14621 | D:13     | Reached skill level 13 in Fighting
 14665 | D:13     | Reached XP level 13. HP: 122/122 MP: 4/12
 14673 | D:13     | Reached skill level 1 in Evocations
 14816 | D:13     | Found a gate to the Vaults.
 15963 | D:14     | Received a gift from Trog
 16050 | D:14     | Found Ziulytip's Armour Boutique.
 16069 | D:14     | Bought the +2 hat of the Bear Spirit {Spirit, +Rage rN+
                  | MR++} for 547 gold pieces
 16069 | D:14     | Found the +2 hat of the Bear Spirit {Spirit, +Rage rN+
                  | MR++}
 16206 | D:14     | Noticed Jorgrun
 16224 | D:14     | Killed Jorgrun
 16275 | D:14     | Found a blossoming altar of Fedhas.
 16334 | D:15     | Entered Level 15 of the Dungeon
 16643 | D:15     | Reached skill level 14 in Fighting
 16819 | D:15     | Upgraded the game from 0.24.0 to 0.24.0-1-gfbc8707122
 16971 | D:15     | Reached skill level 5 in Evocations
 16976 | D:15     | Reached XP level 14. HP: 132/132 MP: 14/16
 17031 | D:15     | Found an opulent altar of Gozag.
 18000 | D:15     | Found a staircase to the Depths.
 18174 | Lair:1   | Entered Level 1 of the Lair of Beasts
 18731 | Lair:1   | Identified a scroll of acquirement
 18733 | Lair:1   | Got a clouded copper ring
 18736 | Lair:1   | Identified the ring "Huri" {rN+ MR- Dex+2 SInv} (You
                  | acquired it on level 1 of the Lair of Beasts)
 19092 | Lair:2   | Found a gate leading to a gauntlet.
 19130 | Gauntlet | Entered a Gauntlet
 19130 | Gauntlet | Found a transporter.
 19131 | Gauntlet | Found a large runed translucent door.
 19133 | Gauntlet | Found a large runed translucent door.
 19134 | Gauntlet | Found a large runed translucent door.
 19134 | Gauntlet | Found a large runed translucent door.
 19134 | Gauntlet | Found a runed translucent door.
 19135 | Gauntlet | Found a large runed translucent door.
 19136 | Gauntlet | Found a large runed translucent door.
 19137 | Gauntlet | Found a large runed translucent door.
 19137 | Gauntlet | Found a large runed translucent door.
 19138 | Gauntlet | Found a runed translucent gate.
 19138 | Gauntlet | Found a runed translucent gate.
 19140 | Gauntlet | Found a transporter.
 19146 | Gauntlet | Found a runed translucent gate.
 19146 | Gauntlet | Found a runed translucent door.
 19155 | Gauntlet | Found a large runed translucent door.
 19155 | Gauntlet | Found a large runed translucent door.
 19155 | Gauntlet | Found a large runed translucent door.
 19155 | Gauntlet | Found a large runed translucent door.
 19156 | Gauntlet | Found a large runed translucent door.
 19156 | Gauntlet | Found a large runed translucent door.
 19157 | Gauntlet | Found a large runed translucent door.
 19157 | Gauntlet | Found a transporter.
 19157 | Gauntlet | Found a large runed translucent door.
 19159 | Gauntlet | Found a transporter.
 19161 | Gauntlet | Found a transporter.
 19187 | Gauntlet | Found a transporter.
 19189 | Gauntlet | Found a transporter.
 19207 | Gauntlet | Found a transporter.
 19223 | Gauntlet | Found a transporter.
 19231 | Gauntlet | Found a transporter.
 19299 | Gauntlet | Found a transporter.
 19307 | Gauntlet | Found a transporter.
 19330 | Gauntlet | Found a transporter.
 19345 | Gauntlet | Found a transporter.
 19357 | Gauntlet | Found a transporter.
 19369 | Gauntlet | Found a transporter.
 19381 | Gauntlet | Found a transporter.
 19393 | Gauntlet | Found a transporter.
 19609 | Gauntlet | Gained mutation: Your magical capacity is low. (-10% MP) [a
                  | neqoxec]
 19713 | Gauntlet | Got a pair of faintly glowing boots
 19732 | Gauntlet | Identified the +2 pair of boots of Lies {Slay+5} (You found
                  | it in a Gauntlet)
 19860 | Gauntlet | Got a smoking hand axe
 19912 | Lair:2   | Identified the +5 hand axe "Viddyfy" {vamp, rPois rN+ Int+7
                  | Dex-4} (You found it in a Gauntlet)
 19916 | Lair:2   | Identified the +8 lajatang of Jehony {slice, Str-3 Dex+8}
                  | (Trog gifted it to you on level 12 of the Dungeon)
 19973 | Lair:2   | You fall into a shaft and drop 2 floors!
 20131 | Lair:3   | Reached skill level 15 in Fighting
 20221 | Lair:3   | Found a runed translucent door.
 20517 | Lair:3   | Noticed Fannar
 20529 | Lair:3   | Killed Fannar
 20529 | Lair:3   | Reached skill level 15 in Armour
 20615 | Lair:3   | Noticed Gastronok
 20628 | Lair:3   | Killed Gastronok
 20805 | Lair:3   | Noticed Nergalle
 20809 | Lair:3   | Killed Nergalle
 20990 | Lair:3   | Got a shimmering flail
 20999 | Lair:3   | Identified the +4 flail of Wisdom {holy, rElec} (You found
                  | it on level 3 of the Lair of Beasts)
 21552 | Lair:4   | Noticed Kirke
 21562 | Lair:4   | Killed Kirke
 21860 | Lair:4   | Received a gift from Trog
 22080 | Lair:4   | Reached XP level 15. HP: 141/141 MP: 17/17
 22127 | Lair:4   | Noticed Urug
 22138 | Lair:4   | Killed Urug
 22198 | Lair:4   | Found a shimmering altar of Xom.
 22855 | Lair:5   | Found a viscous altar of Jiyva.
 22855 | Lair:5   | Found a staircase to the Slime Pits.
 23019 | Lair:5   | Paralysed by a floating eye for 3 turns
 23615 | Lair:6   | Entered Level 6 of the Lair of Beasts
 24427 | Lair:6   | Reached skill level 16 in Fighting
 24777 | Lair:6   | Reached skill level 15 in Dodging
 24810 | Lair:6   | Received a gift from Trog
 24984 | Lair:6   | Reached skill level 15 in Maces & Flails
 25449 | Orc:1    | Entered Level 1 of the Orcish Mines
 25703 | Orc:2    | Entered Level 2 of the Orcish Mines
 25738 | Orc:2    | Found a staircase to the Elven Halls.
 25758 | Orc:1    | Reached ****** piety under Trog
 25760 | Orc:1    | You fall into a shaft and drop 1 floor!
 25962 | Orc:1    | Found a roughly hewn altar of Beogh.
 25995 | Orc:1    | Noticed an orc warlord
 26013 | Orc:1    | Killed an orc warlord
 26813 | Orc:2    | Received a gift from Trog
 27315 | Orc:2    | Found a roughly hewn altar of Beogh.
 27318 | Orc:2    | Reached XP level 16. HP: 152/152 MP: 18/18
 27401 | Orc:2    | Found Kohix's Weapon Shoppe.
 27401 | Orc:2    | Found Desifen's Gadget Emporium.
 27401 | Orc:2    | Found Kianiot's Assorted Antiques.
 27404 | Orc:2    | Found Genak's Antique Weapon Emporium.
 27875 | Elf:1    | Entered Level 1 of the Elven Halls
 27961 | Elf:1    | Identified the +5 battleaxe of the Pits of Slime {flame,
                  | *Corrode rElec rPois rN+++}
 28436 | Elf:1    | Noticed a Tzitzimitl
 28554 | Elf:1    | Noticed a Hell Sentinel
 28854 | Lair:2   | Found a staircase to the Swamp.
 28861 | Lair:2   | Received a gift from Trog
 28861 | Lair:2   | Reached skill level 17 in Fighting
 29164 | Lair:2   | Found a staircase to the Snake Pit.
 29631 | Swamp:1  | Entered Level 1 of the Swamp
 30578 | Swamp:1  | Received a gift from Trog
 30837 | Swamp:1  | Found a transporter.
 31010 | Swamp:1  | Found a transporter.
 31017 | Swamp:1  | Got a steaming flail
 31020 | Swamp:1  | Got a sparkling bronze amulet
 31035 | Swamp:1  | Got a flickering silver amulet
 31038 | Swamp:1  | Got a pitted wooden ring
 31043 | Swamp:1  | Identified the amulet of Xucreobe {Harm *Drain +Blink rElec
                  | rPois Dex-4} (You found it on level 1 of the Swamp)
 31044 | Swamp:1  | Identified the amulet "Usuryos" {+Rage Str+2 Int+4 Dex+3}
                  | (You found it on level 1 of the Swamp)
 31045 | Swamp:1  | Identified the ring of Zeod {MR+ Str+7} (You found it on
                  | level 1 of the Swamp)
 31046 | Swamp:1  | Identified the cursed +2 flail "Killer Klown's Foe"
                  | {antimagic, rElec Str+4 Int-4} (You found it on level 1 of
                  | the Swamp)
 31288 | Swamp:2  | Noticed a thorn hunter
 31309 | Swamp:2  | Killed a thorn hunter
 31690 | Swamp:2  | Found an ancient bone altar of Kikubaaqudgha.
 32296 | Swamp:3  | Noticed Donald
 32444 | Swamp:3  | Killed Donald
 32545 | Swamp:3  | Reached XP level 17. HP: 163/163 MP: 19/19
 32927 | Swamp:3  | Noticed Mara
 32943 | Swamp:3  | Noticed bildradio's illusion
 32948 | Swamp:3  | Killed Mara
 32948 | Swamp:3  | Received a gift from Trog
 32948 | Swamp:3  | Reached skill level 18 in Fighting
 33518 | Swamp:4  | Entered Level 4 of the Swamp
 33528 | Swamp:4  | Noticed a tentacled monstrosity
 33660 | Swamp:4  | Killed a tentacled monstrosity
 34661 | Swamp:4  | Got a decaying rune of Zot
 35387 | Snake:1  | Entered Level 1 of the Snake Pit
 35614 | Snake:1  | Reached skill level 19 in Fighting
 35726 | Snake:1  | Reached skill level 1 in Shields
 35767 | Snake:1  | Reached XP level 18. HP: 156/176 MP: 18/20
 36325 | Snake:2  | Found Siuloug's Assorted Antiques.
 36327 | Snake:2  | Found Uleu's Food Shop.
 36327 | Snake:2  | Found Tibruil's Antique Armour Boutique.
 36332 | Snake:2  | Bought a scroll labeled VESCHAIC SABBAC for 37 gold pieces
 36335 | Snake:2  | Found Ujacapis's Magic Scroll Boutique.
 36362 | Snake:2  | Bought a scroll of acquirement for 1924 gold pieces
 36364 | Snake:2  | Got a fine hat
 36375 | Snake:2  | Identified the +1 hat of Jiynelir {rN+ Dex+5} (You acquired
                  | it on level 2 of the Snake Pit)
 36398 | Snake:2  | Bought a scroll of enchant weapon for 120 gold pieces
 36398 | Snake:2  | Bought a scroll of enchant armour for 120 gold pieces
 36508 | Snake:2  | Noticed Aizul
 36517 | Snake:2  | Killed Aizul
 37205 | Snake:2  | Received a gift from Trog
 37316 | Snake:2  | Noticed Agnes
 37329 | Snake:2  | Killed Agnes
 39318 | Snake:4  | Entered Level 4 of the Snake Pit
 39682 | Snake:4  | Received a gift from Trog
 40389 | Snake:4  | Reached skill level 20 in Fighting
 40964 | Snake:4  | Noticed Vashnia
 40977 | Snake:4  | Killed Vashnia
 41270 | Snake:4  | Reached XP level 19. HP: 185/185 MP: 21/21
 41298 | Snake:4  | Received a gift from Trog
 42360 | Snake:4  | Got a serpentine rune of Zot
 43186 | Elf:1    | Found a runed translucent gate.
 43186 | Elf:1    | Found a runed translucent gate.
 43186 | Elf:1    | Found a runed translucent gate.
 43186 | Elf:1    | Found a runed translucent gate.
 43186 | Elf:1    | Found a runed translucent gate.
 43196 | Elf:1    | Found a runed translucent gate.
 43322 | Elf:1    | Received a gift from Trog
 44457 | Elf:2    | Found a runed translucent gate.
 44457 | Elf:2    | Found a runed translucent gate.
 44467 | Elf:2    | Found a runed translucent gate.
 44637 | Elf:3    | Entered Level 3 of the Elven Halls
 44683 | Elf:3    | Reached skill level 21 in Fighting
 44948 | Elf:3    | Received a gift from Trog
 44971 | Elf:3    | Found the ring of Phasing {EV+8}
 45188 | Elf:3    | Received a gift from Trog
 45191 | Elf:3    | Got an ichor-stained mace {god gift}
 45200 | Elf:3    | Identified the +10 mace of the Six People {vamp, rC+ rN+}
                  | (Trog gifted it to you on level 3 of the Elven Halls)
 45889 | Elf:3    | Identified the ring of Balance {rPois Str+2 SInv}
 45918 | Elf:3    | Reached XP level 20. HP: 170/198 MP: 18/22
 46341 | Elf:3    | Identified the +7 demon blade "Vetix" {pain, rElec Str+2}
 46348 | Elf:3    | Identified the +4 ring mail of the Tortoise {Stlth+}
 46356 | Elf:3    | Identified the +1 ring mail "Saamod" {rF+ rCorr}
 46379 | Elf:3    | Received a gift from Trog
 46637 | Elf:3    | Identified Qainotof's Volume of the Arsonist
 47027 | Elf:3    | Reached skill level 1 in Polearms
 47429 | Elf:2    | Reached skill level 5 in Polearms
 47967 | Vaults:1 | Entered Level 1 of the Vaults
 48337 | Vaults:1 | Received a gift from Trog
 48541 | Vaults:1 | Identified the +2 robe of the Garden {rF++}
 49181 | Vaults:1 | Noticed Saint Roka
 49198 | Vaults:1 | Killed Saint Roka
 49553 | Vaults:1 | Received a gift from Trog
 49572 | Vaults:1 | Reached skill level 22 in Fighting
 50122 | Vaults:2 | Reached skill level 10 in Polearms
 50232 | Vaults:2 | Reached XP level 21. HP: 207/207 MP: 23/23
 50571 | Vaults:2 | Found a staircase to the Crypt.
 50656 | Vaults:2 | Received a gift from Trog
 51290 | Vaults:2 | Found Ygauseps's Magic Scroll Emporium.
 51299 | Vaults:2 | Bought a scroll of identify for 34 gold pieces
 51299 | Vaults:2 | Bought a scroll of magic mapping for 59 gold pieces
 51299 | Vaults:2 | Bought 2 scrolls of enchant armour for 255 gold pieces
 51299 | Vaults:2 | Bought a scroll of blinking for 127 gold pieces
 51299 | Vaults:2 | Bought a scroll of teleportation for 51 gold pieces
 52311 | Vaults:3 | Received a gift from Trog
 53951 | Vaults:4 | Received a gift from Trog
 54160 | Vaults:4 | Reached XP level 22. HP: 190/217 MP: 22/24
 54318 | Vaults:4 | Received a gift from Trog
 54554 | Vaults:4 | Reached skill level 23 in Fighting
 54673 | Vaults:4 | Reached skill level 5 in Shields
 55541 | Vaults:4 | Received a gift from Trog
 55642 | Vaults:4 | Noticed an ancient lich
 55657 | Vaults:4 | Killed an ancient lich
 55939 | Vaults:4 | Found the +2 robe of Vines {NoPotionHeal Regen+7}
 56155 | Vaults:4 | Got a jewelled whip
 56156 | Vaults:4 | Identified the +9 whip of the Hummingbird {slash, Stlth+}
                  | (You found it on level 4 of the Vaults)
 56274 | Vaults:5 | Entered Level 5 of the Vaults
 56458 | Vaults:5 | Received a gift from Trog
 56493 | Vaults:5 | Reached XP level 23. HP: 222/227 MP: 25/25
 56548 | Vaults:5 | Noticed Sojobo
 56575 | Vaults:5 | Killed Sojobo
 56929 | Vaults:5 | Identified the Collected Works on Transformation
 56935 | Vaults:5 | Got a smoking jade ring
 56936 | Vaults:5 | Identified the ring of Fixation {Ice Str+5 Int+3} (You
                  | found it on level 5 of the Vaults)
 57271 | Vaults:5 | Reached skill level 24 in Fighting
 57271 | Vaults:5 | Reached skill level 10 in Shields
 57442 | Vaults:5 | Received a gift from Trog
 58004 | Vaults:5 | Identified the ring "Wuhop" {rCorr Str+6 Int-5}
 58371 | Vaults:5 | Got a silver rune of Zot
 59609 | D:15     | Found an opulent altar of Gozag.
 60058 | D:15     | Found a staircase to the Depths.
 60063 | Depths:1 | Entered Level 1 of the Depths
 60063 | Depths:1 | Found a gateway to a ziggurat.
 60209 | Depths:1 | Found Wahigow's Distillery.
 60212 | Depths:1 | Found Coen's Antique Weapon Shop.
 60218 | Depths:1 | Received a gift from Trog
 60224 | Depths:1 | Found Juv Puke's Distillery.
 60321 | Depths:1 | Reached XP level 24. HP: 239/239 MP: 25/25
 60891 | Depths:1 | Found a gateway to Hell.
 61603 | Depths:2 | Noticed a juggernaut
 61765 | Depths:2 | Noticed a juggernaut
 61990 | Depths:2 | Found Daon's Antique Armour Shoppe.
 61998 | Depths:2 | Bought a polished plate armour for 1092 gold pieces
 62009 | Depths:2 | Identified the +5 plate armour of Vampiric Thralls {MR+
                  | Dex+4} (You bought it in a shop on level 2 of the Depths)
 62650 | Depths:3 | Found a shattered altar of Ashenzari.
 62870 | Depths:3 | Reached skill level 25 in Fighting
 63189 | Depths:3 | Found a one-way gate leading to the halls of Pandemonium.
 63405 | Depths:3 | Received a gift from Trog
 63792 | Depths:4 | Paralysed by a floating eye for 3 turns
 64310 | Depths:4 | Noticed a juggernaut
 64324 | Depths:4 | Killed a juggernaut
 64777 | Depths:4 | Found Tearuam's Magic Scroll Emporium.
 64792 | Depths:4 | Found Edwovun's Gadget Emporium.
 64793 | Depths:4 | Found Elaul's Jewellery Boutique.
 64794 | Depths:4 | Found Durusacy's Gadget Emporium.
 64805 | Depths:4 | Bought an uncursed ring of positive energy for 320 gold
                  | pieces
 64846 | Depths:4 | Bought a scroll of enchant weapon for 142 gold pieces
 65010 | Depths:4 | Received a gift from Trog
 65684 | Depths:4 | Found a one-way gate to the infinite horrors of the Abyss.
 65808 | Depths:5 | Entered Level 5 of the Depths
 65944 | Depths:5 | Noticed a juggernaut
 65948 | Depths:5 | Noticed the Enchantress
 65954 | Depths:5 | Killed a juggernaut
 65954 | Depths:5 | Reached XP level 25. HP: 249/251 MP: 24/25
 65959 | Depths:5 | Killed the Enchantress
 66524 | D:14     | Bought the cursed +0 shield of Hangman {rN+} for 177 gold
                  | pieces
 67205 | Crypt:1  | Entered Level 1 of the Crypt
 67205 | Crypt:1  | Noticed Mennas
 67229 | Crypt:1  | Killed Mennas
 68401 | Crypt:1  | Received a gift from Trog
 69135 | Crypt:2  | Noticed an ancient lich
 69141 | Crypt:2  | Killed an ancient lich
 69732 | Crypt:2  | Reached skill level 10 in Evocations
 70441 | Crypt:3  | Entered Level 3 of the Crypt
 70465 | Crypt:3  | Received a gift from Trog
 71004 | Crypt:3  | Received a gift from Trog
 71079 | Crypt:3  | Noticed an ancient lich
 71080 | Crypt:3  | Found an ancient bone altar of Kikubaaqudgha.
 71097 | Crypt:3  | Killed an ancient lich
 71269 | Crypt:3  | Reached skill level 15 in Polearms
 71469 | Crypt:3  | Reached XP level 26. HP: 260/260 MP: 27/27
 71484 | Crypt:3  | Found a staircase to the Tomb.
 72012 | Hell     | Entered the Vestibule of Hell
 72585 | Hell     | Noticed Geryon
 72766 | Hell     | Received a gift from Trog
 73548 | Hell     | Reached skill level 15 in Shields
 73858 | Hell     | Killed Geryon
 73958 | Hell     | Received a gift from Trog
 73998 | Hell     | Found a gateway to the ashen valley of Gehenna.
 74160 | Hell     | Received a gift from Trog
 74272 | Hell     | Found a gateway to the decaying netherworld of Tartarus.
 74320 | Hell     | Found a gateway to the freezing wastes of Cocytus.
 74373 | Hell     | Found a gateway to the Iron City of Dis.
 74811 | Depths:5 | Found a gate to the Realm of Zot.
 75039 | Depths:5 | Found a glowing golden altar of the Shining One.
 76039 | Slime:1  | Entered Level 1 of the Pits of Slime
 76321 | Slime:4  | Received a gift from Trog
 76362 | Slime:5  | Entered Level 5 of the Pits of Slime
 76725 | Slime:5  | Noticed the Royal Jelly
 76726 | Slime:5  | Found a viscous altar of Jiyva.
 77048 | Slime:3  | Gained mutation: You are clumsy. (Dex -2) [a shining eye]
 77050 | Slime:3  | Gained mutation: Scrolls take you a little longer to read.
                  | [a shining eye]
 77056 | Slime:3  | Gained mutation: Your magical capacity is very low. (-20%
                  | MP) [a shining eye]
 77406 | Slime:4  | Lost mutation: Scrolls take you a little longer to read.
                  | [potion of mutation]
 77406 | Slime:4  | Lost mutation: Your magical capacity is very low. (-20% MP)
                  | [potion of mutation]
 77406 | Slime:4  | Lost mutation: You are clumsy. (Dex -2) [potion of
                  | mutation]
 77406 | Slime:4  | Gained mutation: You have sharp toenails. [potion of
                  | mutation]
 77406 | Slime:4  | Gained mutation: You are partially covered in iridescent
                  | scales. (AC +2) [potion of mutation]
 78018 | Slime:5  | Killed the Royal Jelly
 78746 | Slime:5  | Got a slimy rune of Zot
 78814 | Slime:5  | Identified the Volume of Lucky Moulding
 78921 | Slime:5  | Got a transparent whip
 78922 | Slime:5  | Identified the cursed +0 whip "Ofipef" {slash, -Tele rElec
                  | MR+ Str+2} (You found it on level 5 of the Pits of Slime)
 79383 | Depths:4 | Bought a fan of gales (inert) for 520 gold pieces
 80073 | Depths:1 | Bought 2 potions of agility for 112 gold pieces
 80073 | Depths:1 | Bought a potion of mutation for 112 gold pieces
 80077 | Depths:1 | Bought a potion of mutation for 96 gold pieces
 80077 | Depths:1 | Bought a potion of agility for 48 gold pieces
 80077 | Depths:1 | Bought a potion of agility for 48 gold pieces
 80077 | Depths:1 | Bought a potion of agility for 48 gold pieces
 80178 | Zot:1    | Entered Level 1 of the Realm of Zot
 80456 | Zot:1    | Reached XP level 27. HP: 266/266 MP: 29/29
 80691 | Zot:1    | Got an encrusted scale mail
 80692 | Zot:1    | Identified the +3 scale mail of Yxuet {Str+5} (You found it
                  | on level 1 of the Realm of Zot)
 82611 | Zot:3    | Reached skill level 15 in Evocations
 83034 | Zot:3    | Received a gift from Trog
 84746 | Zot:5    | Entered Level 5 of the Realm of Zot
 84911 | Zot:5    | Reached skill level 26 in Fighting
 84918 | Zot:5    | Reached skill level 1 in Throwing
 85178 | Zot:5    | Received a gift from Trog
 85181 | Zot:5    | Got an ancient spear {god gift}
 85183 | Zot:5    | Identified the +8 spear "Nocaju" {holy, rC+} (Trog gifted
                  | it to you on level 5 of the Realm of Zot)
 85215 | Zot:5    | Reached skill level 5 in Throwing
 85409 | Zot:5    | Noticed an ancient lich
 85411 | Zot:5    | Noticed an ancient lich
 85413 | Zot:5    | Noticed an orb of fire
 85431 | Zot:5    | Killed an ancient lich
 85433 | Zot:5    | Noticed an orb of fire
 85459 | Zot:5    | Gained mutation: Your magical capacity is very low. (-20%
                  | MP) [an orb of fire]
 85460 | Zot:5    | Noticed an ancient lich
 85464 | Zot:5    | Noticed an orb of fire
 85467 | Zot:5    | Noticed an orb of fire
 85470 | Zot:5    | Gained mutation: Your body sometimes deteriorates upon
                  | taking damage. [an orb of fire]
 85470 | Zot:5    | Gained mutation: You are partially covered in large bone
                  | plates. (SH +4) [an orb of fire]
 85485 | Zot:5    | Killed an ancient lich
 85868 | Zot:4    | Lost mutation: Your body sometimes deteriorates upon taking
                  | damage. [potion of mutation]
 85868 | Zot:4    | Lost mutation: Your magical capacity is very low. (-20% MP)
                  | [potion of mutation]
 85868 | Zot:4    | Lost mutation: You have sharp toenails. [potion of
                  | mutation]
 85868 | Zot:4    | Lost mutation: Your magical capacity is low. (-10% MP)
                  | [potion of mutation]
 85868 | Zot:4    | Gained mutation: Your body sometimes deteriorates upon
                  | taking damage. [potion of mutation]
 85868 | Zot:4    | Gained mutation: You are partially covered in molten
                  | scales. (AC +2) [potion of mutation]
 85868 | Zot:4    | Gained mutation: You are dopey. (Int -2) [potion of
                  | mutation]
 85868 | Zot:4    | Gained mutation: Your spells are a little harder to cast,
                  | but a little more powerful. [potion of mutation]
 85869 | Zot:4    | Lost mutation: You are dopey. (Int -2) [potion of mutation]
 85869 | Zot:4    | Lost mutation: Your spells are a little harder to cast, but
                  | a little more powerful. [potion of mutation]
 85869 | Zot:4    | Lost mutation: You are partially covered in iridescent
                  | scales. (AC +2) [potion of mutation]
 85869 | Zot:4    | Lost mutation: You are partially covered in molten scales.
                  | (AC +2) [potion of mutation]
 85869 | Zot:4    | Gained mutation: You tend to lose your temper in combat.
                  | [potion of mutation]
 85869 | Zot:4    | Gained mutation: You have sharp toenails. [potion of
                  | mutation]
 85870 | Zot:4    | Lost mutation: You have sharp toenails. [potion of
                  | mutation]
 85870 | Zot:4    | Gained mutation: You are partially covered in rugged brown
                  | scales. (AC +1, +3% HP) [potion of mutation]
 85870 | Zot:4    | Gained mutation: You are resistant to hostile enchantments.
                  | (MR+) [potion of mutation]
 85870 | Zot:4    | Gained mutation: You have large cloven feet. [potion of
                  | mutation]
 85871 | Zot:4    | Lost mutation: You tend to lose your temper in combat.
                  | [potion of mutation]
 85871 | Zot:4    | Lost mutation: Your body sometimes deteriorates upon taking
                  | damage. [potion of mutation]
 85871 | Zot:4    | Lost mutation: You have large cloven feet. [potion of
                  | mutation]
 85871 | Zot:4    | Gained mutation: Your flesh is heat resistant. (rF+)
                  | [potion of mutation]
 85871 | Zot:4    | Gained mutation: You have supernaturally acute eyesight.
                  | (SInv) [potion of mutation]
 85903 | Zot:5    | Noticed an ancient lich
 85920 | Zot:5    | Gained mutation: You are dopey. (Int -2) [an orb of fire]
 85928 | Zot:4    | Gained mutation: You tend to lose your temper in combat.
                  | [an orb of fire]
 85931 | Zot:4    | Killed an orb of fire
 85936 | Zot:4    | Killed an ancient lich
 86010 | Zot:4    | Reached skill level 10 in Throwing
 86139 | Zot:4    | Killed an orb of fire
 86525 | Zot:5    | Killed an ancient lich
 86534 | Zot:5    | Lost intelligence.
 87091 | Dis:1    | Entered Level 1 of the Iron City of Dis
 87468 | Geh:1    | Entered Level 1 of Gehenna
 88090 | Tomb:1   | Entered Level 1 of the Tomb of the Ancients
 88248 | Tomb:1   | Received a gift from Trog
 88838 | Tomb:1   | Noticed a greater mummy
 88854 | Tomb:1   | Killed a greater mummy
 88868 | Tomb:1   | HP: 9/263 [ushabti] (9)]
 88868 | Tomb:1   | HP: 3/263 [poisoned by an ushabti (dark miasma)]
 88873 | Tomb:1   | HP: 9/276 [ushabti] (1)]
 89156 | Crypt:3  | Lost mutation: You are resistant to hostile enchantments.
                  | (MR+) [potion of mutation]
 89156 | Crypt:3  | Lost mutation: You are partially covered in rugged brown
                  | scales. (AC +1, +3% HP) [potion of mutation]
 89156 | Crypt:3  | Gained mutation: You expend magic power (3 MP) to
                  | strengthen your wands. [potion of mutation]
 89156 | Crypt:3  | Gained mutation: Your muscles are strong. (Str +2) [potion
                  | of mutation]
 89157 | Crypt:3  | Lost mutation: Your muscles are strong. (Str +2) [potion of
                  | mutation]
 89157 | Crypt:3  | Lost mutation: You are dopey. (Int -2) [potion of mutation]
 89157 | Crypt:3  | Gained mutation: Your mind is acute. (Int +2) [potion of
                  | mutation]
 89157 | Crypt:3  | Gained mutation: Your muscles are strong. (Str +2) [potion
                  | of mutation]
 89479 | Depths:1 | Bought a potion of heal wounds for 70 gold pieces
 91770 | Snake:2  | Bought a scroll of fog for 32 gold pieces
 91770 | Snake:2  | Bought a scroll of blinking for 120 gold pieces
 91770 | Snake:2  | Bought a scroll of magic mapping for 56 gold pieces
 91770 | Snake:2  | Bought a scroll of blinking for 120 gold pieces
 91776 | Snake:2  | Bought a scroll of teleportation for 111 gold pieces
 91776 | Snake:2  | Bought a scroll of blinking for 277 gold pieces
 91776 | Snake:2  | Bought a scroll of magic mapping for 129 gold pieces
 91776 | Snake:2  | Bought a brightly glowing golden ring for 185 gold pieces
 91784 | Snake:2  | Identified the ring of Diakurgh {rC+ MP+9 EV+2 Dex+4} (You
                  | bought it in a shop on level 2 of the Snake Pit)
 91808 | Snake:2  | Bought a ration for 55 gold pieces
 91808 | Snake:2  | Bought a ration for 55 gold pieces
 91808 | Snake:2  | Bought a ration for 55 gold pieces
 91808 | Snake:2  | Bought a ration for 55 gold pieces
 91808 | Snake:2  | Bought a ration for 55 gold pieces
 91808 | Snake:2  | Bought a ration for 55 gold pieces
 91808 | Snake:2  | Bought a ration for 55 gold pieces
 91808 | Snake:2  | Bought a ration for 55 gold pieces
 92150 | Zig:1    | Entered Level 1 of a ziggurat
 92176 | Zig:2    | Entered Level 2 of a ziggurat
 92213 | Zig:3    | Entered Level 3 of a ziggurat
 92224 | Zig:3    | Reached skill level 1 in Stealth
 92275 | Zig:4    | Entered Level 4 of a ziggurat
 92314 | Zig:4    | Got a pitted golden ring
 92332 | Zig:5    | Entered Level 5 of a ziggurat
 92423 | Zig:6    | Entered Level 6 of a ziggurat
 92432 | Zig:6    | Noticed a greater mummy
 92433 | Zig:6    | Identified the ring "Cosab" {*Slow rElec rPois rF+++ Str+4}
                  | (You found it on level 4 of a ziggurat)
 92453 | Zig:6    | Killed a greater mummy
 92914 | Zig:7    | Entered Level 7 of a ziggurat
 93143 | Zig:8    | Entered Level 8 of a ziggurat
 93165 | Zig:8    | Reached skill level 5 in Stealth
 93185 | Zig:8    | Received a gift from Trog
 93290 | Zig:8    | Got a transparent turquoise ring
 93302 | Zig:8    | Identified the ring of the Wary People {*Tele MR++ Int+3
                  | Dex-2 SInv} (You found it on level 8 of a ziggurat)
 93322 | Zig:9    | Entered Level 9 of a ziggurat
 93519 | Zig:9    | Identified the Papyrus of Ignition and Displacement
 93553 | Zig:10   | Entered Level 10 of a ziggurat
 94275 | Zot:5    | Received a gift from Trog
 94743 | Zot:5    | Killed an orb of fire
 95224 | Zot:5    | Paralysed by the power of Zot for 4 turns
 95374 | Zot:5    | Killed an orb of fire
 95911 | Depths:1 | Bought a potion of invisibility for 112 gold pieces
 97053 | Zot:5    | Got the Orb of Zot
 97072 | Zot:5    | Noticed Midorghawn the pandemonium lord
 97133 | Zot:4    | Reached skill level 10 in Stealth
 97215 | Zot:1    | Noticed Ucul the pandemonium lord
 97355 | Depths:1 | Noticed an ancient lich
 97650 | D:1      | Noticed Demuitum the pandemonium lord
 97653 | D:$      | Escaped with the Orb!

Levels and vault maps discovered:
D:1:      psy_arrival_fountain, layout_basic
D:2:      layout_rooms, first_ration, uniq_terence
D:3:      layout_loops_ring, lemuel_crystal_altar,
          gammafunk_temple_overflow_pools
D:4:      layout_gridville, gammafunk_temple_overflow_statue,
          makhleb_altar_promises_db, gup_sewer_entry_spiral
D:5:      layout_layer_cave
D:6:      layout_rooms, nrook_loot_triangle
D:7:      layout_loops_corners, minmay_temple_entry_fiery,
          nicolae_xom_altar_mimics
D:8:      layout_basic, lair_entry_dummy, uniq_prince_ribbit1
D:9:      layout_loops_ring, orc_0_dummy, gammafunk_ghost_wrathful_warriors
D:10:     layout_irregular_city, hangedman_ranch [blue_anna_fruit_fields],
          minmay_misc_feat_iff, minmay_misc_feat_ornament
D:11:     layout_big_octagon, serial_column_ruins, column_ruins_temple_circle,
          column_ruins_open_medium, column_ruins_columns_corner,
          column_ruins_open_large, column_ruins_open_small,
          column_ruins_corridor_straight, minivault_23
D:12:     layout_loops_ring, serial_shops, shop, nicolae_barding_shop,
          uniq_azrael
D:13:     layout_small_grid, david_vaults_5, basic_altar
D:14:     layout_roguey, serial_shops, nicolae_shop_behind_doors,
          fedhas_altar_fruit_tree, uniq_jorgrun
D:15:     grunt_enter_depths_magical_seal, layout_basic,
          nicolae_gozag_cash_rules_everything_around_me
Temple:   regret_index_temple_sphere_string
Lair:1:   layout_big_grid, kennysheep_abandoned_house,
          minmay_lair_oklob_chamber, grunt_megastairs_4
Lair:2:   layout_chaotic_city, skrybe_swamp_entry_bodies, dummy_snake_entry,
          gauntlet_entry_generic, nicolae_quartered_pool_super,
          bobbens_dragon_lair_wall
Lair:3:   layout_concentric_octagons, pf_torpor_hydra, lemuel_fruit_tree,
          uniq_gastronok, uniq_nergalle, uniq_fannar
Lair:4:   minmay_lair_oklob_tunnel, layout_long_grid, basic_altar,
          grunt_megastairs_5, uniq_kirke, uniq_urug
Lair:5:   layout_misc_corridors, slime_altar_1, disabler_island,
          grunt_megastairs_3
Lair:6:   hangedman_lair_tendril_chambers, layout_cave_pods,
          hangedman_lair_in_review, chequers_serial_rivers_small_3
Swamp:1:  gammafunk_its_a_trap, layout_falls_marsh, evilmike_swamp_ruin_house_6,
          infiniplex_staircase_pool
Swamp:2:  cheibrodos_swamp_tower_of_moss, layout_basic_swamp,
          lemuel_altar_in_water
Swamp:3:  layout_basic_swamp, evilmike_swamp_ruin_house_1, uniq_donald,
          uniq_mara
Swamp:4:  swamp_fiery, layout_basic_swamp, swamp_pool2
Snake:1:  layout_onion_interference
Snake:2:  layout_grid_shapes, grunt_megastairs_1, minmay_shoptagon,
          serial_bayou_shore_a, uniq_agnes, uniq_aizul
Snake:3:  layout_layer_cave
Snake:4:  johnstein_snake_rune_scales, layout_layer_cave
Slime:1:  cheibrodos_slime_lost_civilization_9, layout_caves,
          nicolae_slime_barrier
Slime:2:  layout_caves
Slime:3:  layout_caves
Slime:4:  layout_caves
Slime:5
Orc:1:    layout_caves, basic_altar, library_closet
Orc:2:    st_orc_mages, layout_caves, kennysheep_orc_chapel
Elf:1:    minmay_elf_arrival_plus, layout_rooms, orc_legates,
          serial_sigils_hangedman_gut, minivault_16
Elf:2:    layout_geoelf_diagonals, serial_sigils_hangedman_leer
Elf:3:    minmay_elf_hall_x, layout_loops_corners
Vaults:1: v_misc_15, hangedman_vaults_cutoff, vaults_room_grunt_arrival_ludios,
          v_misc_22, nicolae_vaults_angled_halls, ontoclasm_vaults_pinch,
          layout_vaults_quadrants, uniq_saint_roka
Vaults:2: v_misc_29, minmay_crypt_entry_simple_plaza,
          nicolae_vaults_little_squares_4, nicolae_vaults_three_branches,
          st_more_cells, v_rooms_3, vaults_mumra_lcd, ontoclasm_vaults_ligature,
          vaults_mumra_hex, hangedman_vaults_slice,
          ontoclasm_vaults_loading_screen, vaults_dpeg_hooks,
          layout_vaults_big_room, serial_shops, shop
Vaults:3: v_misc_19, hangedman_vaults_corner, ontoclasm_vaults_echo,
          hangedman_vaults_maws, vaults_room_fours, ontoclasm_vaults_spin,
          nicolae_vaults_little_squares_4, nicolae_vaults_sealed_display,
          vaults_standard_mumra_enter_the_diamond,
          ontoclasm_vaults_decontamination, vaults_room_hallway,
          layout_vaults_ring
Vaults:4: v_pattern_3, vaults_standard_mumra_enter_the_diamond, v_misc_2,
          grunt_vaults_twisty, ontoclasm_vaults_twist, v_misc_10,
          st_greater_box_4, v_rooms_6, nicolae_vaults_little_squares_3,
          vaults_dpeg_diagonal, grunt_vaults_hallway_short, serial_ice_g,
          serial_ice_b, nicolae_vaults_theta, layout_vaults_omnibox
Vaults:5: uniq_sojobo
Crypt:1:  layout_chaotic_city, grunt_crypt_arrival_guarded_gate, uniq_mennas
Crypt:2:  layout_basic, weyrava_lich_vault
Crypt:3:  cryptofortress_bobbens
Tomb:1
Depths:1: layout_cave_shapes, enter_ziggurat_a, hell_entry,
          kennysheep_minor_cross, corexii_hall_statues_i, minivault_15,
          lemuel_flamethrower_2, minmay_shop_star
Depths:2: evilmike_inaccessible_box, layout_gridlike, hell_entry, serial_shops,
          shop, chequers_serial_rivers_room_a
Depths:3: minmay_slanted_spiral_squares, layout_cave_pools, hell_entry,
          rand_demon_pan_entry_1, ashenzari_altar_1,
          infiniplex_staircase_diamond
Depths:4: minmay_three_patterns, layout_cave_pools, dk_noncrumbling_2,
          marbit_kobold_abyss_entry, serial_shops, nicolae_shop_waterfront,
          hell_entry, minmay_shop_grove
Depths:5: grunt_x_marks_the_spot, layout_gridlike, hell_entry,
          rand_demon_pan_entry_3, minmay_statues_item, tso_altar,
          serial_bayou_shore_b, uniq_enchantress
Hell
Dis:1:    layout_jigsaw, evilmike_ambush [evilmike_ambush_outer_basic,
          evilmike_ambush_inner_wall_2]
Geh:1:    layout_gehenna_lava_caves
Zot:1:    layout_gridlike, hangedman_elemental_corridor
Zot:2:    layout_onion
Zot:3:    layout_basic, zot_minivault_8
Zot:4:    layout_misc_corridors, hangedman_zot_gyre, st_stairs_1,
          hangedman_zot_wheel_spokes
Zot:5:    layout_cathedral_of_symmetry

Skill      XL: |  1  2  3  4  5  6  7  8  9 10 11 12 13 14 15 16 17 18 19 20 21 22 23 24 25 26 27 |
---------------+----------------------------------------------------------------------------------+-----
Maces & Flails | 4 5 7 8 9 10 11 13 14 15 16 17 | 17.0
Fighting       | 4 6 7 9 11 13 14 15 16 17 19 20 21 22 23 24 25 26 | 26.4
Armour         | 3 5 7 8 11 12 14 15 16 17 19 20 21 22 23 24 25 | 25.6
Dodging        | 3 4 6 8 10 12 13 14 15 16 17 18 19 20 21 22 23 24 | 24.4
Evocations     | 5 7 8 11 13 16 | 16.1
Shields        | 3 4 8 11 14 16 21 | 21.3
Polearms       | 10 12 15 18 20 | 20.4
Throwing       | 10 | 10.8
Stealth        | 10 | 10.2

Action                   |  1- 3 |  4- 6 |  7- 9 | 10-12 | 13-15 | 16-18 | 19-21 | 22-24 | 25-27 || total
-------------------------+-------+-------+-------+-------+-------+-------+-------+-------+-------++-------
Melee: Mace              |    75 |    30 |       |       |       |       |    58 |       |       ||   163
       Headbutt          |    11 |    18 |    58 |   150 |   333 |   359 |   446 |   521 |  1162 ||  3058
       Flail             |       |   104 |   247 |   149 |   406 |       |       |       |       ||   906
       Morningstar       |       |       |       |    16 |       |       |       |       |       ||    16
       Dire flail        |       |       |       |   439 |   165 |       |       |       |       ||   604
       Lajatang          |       |       |       |       |    89 |       |       |       |       ||    89
       Eveningstar       |       |       |       |       |   444 |  1022 |  1073 |   344 |     6 ||  2889
       Demon whip        |       |       |       |       |       |   104 |    47 |    15 |       ||   166
       Lance             |       |       |       |       |       |       |   146 |  1309 |  3266 ||  4721
       Sacred scourge    |       |       |       |       |       |       |       |       |    36 ||    36
       Whip              |       |       |       |       |       |       |       |       |     5 ||     5
Throw: Boomerang         |       |       |     1 |     8 |     5 |       |       |       |       ||    14
       Javelin           |       |       |       |       |    16 |    49 |    30 |    18 |    56 ||   169
Invok: Berserk           |     2 |     5 |     5 |    16 |    25 |    20 |    12 |     6 |    12 ||   103
       Trog's Hand       |       |       |       |     8 |    21 |    19 |    15 |    20 |    40 ||   123
       Brothers in Arms  |       |       |       |       |       |     2 |     2 |     4 |    12 ||    20
 Abil: Evoke Flight      |       |       |       |       |       |     5 |       |       |       ||     5
       Stop Flying       |       |       |       |       |       |     4 |       |       |       ||     4
       Evoke Berserk Rag |       |       |       |       |       |       |       |     1 |       ||     1
       Evoke Blink       |       |       |       |       |       |       |       |       |    22 ||    22
Evoke: Wand              |       |       |       |    10 |    20 |    41 |    10 |     3 |    32 ||   116
       Lightning rod     |       |       |       |     4 |     5 |     1 |     2 |       |     4 ||    16
       Box of beasts     |       |       |       |       |       |     1 |       |     2 |     7 ||    10
       Horn of Geryon    |       |       |       |       |       |       |       |       |     3 ||     3
       Fan of gales      |       |       |       |       |       |       |       |       |     2 ||     2
       Sack of spiders   |       |       |       |       |       |       |       |       |     1 ||     1
  Use: Scroll            |       |     9 |       |    13 |    17 |    23 |    13 |     8 |    37 ||   120
       Potion            |       |       |     2 |     9 |     3 |       |     2 |     3 |    40 ||    59
 Stab: Paralysed         |       |       |       |       |     2 |       |       |       |       ||     2
       Confused          |       |       |       |       |       |     1 |       |       |       ||     1
       Distracted        |       |       |       |       |       |     1 |     1 |     1 |     1 ||     4
       Invisible         |       |       |       |       |       |       |       |       |     3 ||     3
  Eat: Chunk             |     3 |     7 |    10 |    24 |    41 |    25 |    34 |    25 |    18 ||   187
       Ration            |       |     2 |     3 |     5 |     9 |    14 |     8 |     8 |    34 ||    83
Armor: Animal skin       |    15 |     2 |       |       |       |       |       |       |       ||    17
       Scale mail        |       |    41 |       |       |       |       |       |       |       ||    41
       Storm dragon scal |       |     2 |   122 |   251 |   291 |    75 |       |       |       ||   741
       Swamp dragon scal |       |       |       |       |       |   167 |    64 |       |       ||   231
       Plate armour      |       |       |       |       |       |       |   153 |   135 |       ||   288
       Gold dragon scale |       |       |       |       |       |       |       |   132 |   867 ||   999
       Skin              |       |       |       |       |       |       |       |     2 |       ||     2
Dodge: Dodged            |    54 |    67 |   138 |   343 |   889 |  1139 |  1312 |   963 |  2328 ||  7233
       Deflected         |       |       |       |       |    16 |    67 |    48 |    61 |    64 ||   256
Block: Buckler           |       |       |       |       |       |   163 |   471 |   465 |    10 ||  1109
       Shield            |       |       |       |       |       |       |       |       |  2067 ||  2067
